 Dungeon Crawl Stone Soup version 0.24.1-8-ga250c9d538 (webtiles) character file.

Game seed: 4792745016440403272, levelgen mode: deterministic

5571 Hugehornet the Basher (level 10, -3/88 HPs)
             Began as a Troll Fighter on Apr 30, 2020.
             Was a Priest of Okawaru.
             Slain by a wyvern zombie (5 damage)
             ... on level 7 of the Dungeon.
             The game lasted 00:15:45 (5519 turns).

Hugehornet the Basher (Troll Fighter)               Turns: 5519, Time: 00:15:46

Health: -3/88      AC:  8    Str: 34    XL:     10   Next: 44%
Magic:  0/9        EV: 15    Int:  4    God:    Okawaru [***...]
Gold:   514        SH:  0    Dex: 14    Spells: 9/9 levels left

rFire    . . .     SeeInvis .   k - +3 dire flail (holy)
rCold    . . .     Gourm    +   (shield currently unavailable)
rNeg     . . .     Faith    .   s - +1 robe
rPois    .         Spirit   +   (helmet restricted)
rElec    .         Reflect  .   h - +0 cloak
rCorr    .         Harm     .   (gloves unavailable)
MR       .....                  (boots unavailable)
Stlth    ++........             x - amulet of guardian spirit
HPRegen  0.64/turn              (no ring)
MPRegen  0.11/turn              (no ring)

@: mighty, agile
A: large, unfitting armour, claws 3, fast metabolism 3, gourmand, regeneration
1, shaggy fur 1, tough skin 3
a: Heroism, Renounce Religion


You were on level 7 of the Dungeon.
You worshipped Okawaru.
Okawaru was most pleased with you.
You were full.

You visited 2 branches of the dungeon, and saw 8 of its levels.
You also visited: Ossuary.

You collected 514 gold pieces.

Inventory:

Hand Weapons
 k - a +3 dire flail of holy wrath (weapon)
Armour
 b - a +0 robe
 c - a +0 shield
 h - a +0 cloak (worn)
 s - a +1 robe (worn)
Jewellery
 x - an amulet of guardian spirit (around neck)
 y - an uncursed amulet of the acrobat
Wands
 a - a wand of flame (22)
 r - a wand of random effects (21)
 w - a wand of iceblast (2)
Scrolls
 e - a scroll of magic mapping {unknown}
 g - a scroll of remove curse
 j - a scroll of enchant armour {unknown}
 l - 4 scrolls of teleportation
 n - 2 scrolls of fog
 p - a scroll of enchant weapon
 t - a scroll of amnesia {unknown}
 B - a scroll of blinking {unknown}
 C - a scroll of random uselessness {unknown}
 D - a scroll of fear {unknown}
Potions
 i - 2 potions of cancellation {unknown}
 m - 2 potions of curing
 o - 2 potions of agility
 q - a potion of degeneration {unknown}
 u - 2 potions of ambrosia {unknown}
 z - a potion of flight {unknown}
Comestibles
 f - 21 rations


   Skills:
 - Level 2.4 Fighting
 + Level 13.9 Maces & Flails
 - Level 2.4 Dodging
 - Level 2.4 Shields


You had 9 spell levels left.
You didn't know any spells.
Your spell library contained the following spells:

 Spells                   Type           Power        Failure   Level  Hunger
 Poisonous Vapours        Pois/Air       #.....       65%         2    ###....
 Conjure Flame            Conj/Fire      #.......     86%         3    ####...
 Mephitic Cloud           Conj/Pois/Air  #.......     86%         3    ####...
 Freezing Cloud           Conj/Ice/Air   #.........   100%        6    #######
 Ring of Flames           Chrm/Fire      #.........   100%        7    #######


Dungeon Overview and Level Annotations

Branches:
Dungeon (7/15)             Temple (1/1) D:6         Ossuary (visited)

Altars:
Ashenzari
Cheibriados
Dithmenos
Elyvilon
Fedhas
Gozag
Hepliaklqana
Kikubaaqudgha
Makhleb
Okawaru
Qazlal
Ru
Sif Muna
Trog
Uskayaw
Vehumet
Wu Jian
Xom
Yredelemnul
Zin
The Shining One

Shops:
D:6 (


Innate Abilities, Weirdness & Mutations

You are too large for most types of armour.
You have claws for hands.
Your metabolism is lightning-fast.
You like to eat raw meat.
Your natural rate of healing is unusually fast.
You are covered in fur. (AC +1)
You have extremely tough skin. (AC +3)


Message History

Okay, then.
You feel agile all of a sudden. The wyvern zombie closely misses you.
The hellwing hits you.
* * * LOW HITPOINT WARNING * * *
The hellwing misses you.
You feel very mighty all of a sudden. The wyvern zombie bites you!
* * * LOW HITPOINT WARNING * * *
The hellwing closely misses you. The hellwing completely misses you.
The wyvern zombie closely misses you.
You closely miss the hellwing.
The hellwing is almost dead.
You closely miss the hellwing.
The hellwing is almost dead.
The wyvern zombie closely misses you. The hellwing closely misses you. x2
You bludgeon the hellwing!!
You kill the hellwing!
Okawaru accepts your kill. The wyvern zombie bites you.
You die...

#.........
#############.########
...))).........#
#############..#
#######..# ###.....#..# #
#.......#..#
#####.......#..##########
'...+......†'...@Z5......
#####.......#..###...8..P
'...+..(....#..# ..8..P.
#####....#..#..# Z......
# ######..#..# .......
####### #..#### ...P...
......# #... ....$.P
#####.# ###. 8...∩.8 #.#


You could see a shadow imp and a wyvern zombie.

Vanquished Creatures
  The ghost of MajorAdolf the Chopper, a novice NaWn (D:6)
  2 hellwings (D:7)
  A troll (D:4)
  Grinder (D:3)
  The ghost of nightchill the Vandal, an amateur HaHu (D:4)
  Sigmund (D:2)
  The ghost of lepoulpe303 the Firebug, an amateur DEFE (D:5)
  Edmund (D:6)
  2 water moccasins
  2 sky beasts (D:7)
  A hornet zombie (D:7)
  An ice beast (D:6)
  An ogre (D:4)
  2 centaurs
  An elf zombie (Ossuary)
  4 bullfrogs
  A wyvern zombie (D:7)
  5 wights (D:7)
  4 howler monkeys
  3 crimson imps
  A jelly (D:6)
  2 human zombies (Ossuary)
  3 centaur zombies
  A bullfrog skeleton (D:4)
  4 centaur skeletons
  5 hounds
  4 orc priests
  5 orc wizards
  2 iguanas
  3 worker ants
  A big kobold zombie (Ossuary)
  2 hound zombies
  3 mummies (Ossuary)
  11 adders
  3 shadow imps
  An ooze (D:4)
  4 adder zombies
  2 adder skeletons
  7 worms
  3 dart slugs
  4 leopard geckos
  15 orcs
  2 ball pythons
  6 giant cockroaches
  A gnoll zombie (Ossuary)
  8 goblins
  8 hobgoblins
  7 jackals
  7 kobolds
  7 quokkas
  11 bats
  3 goblin zombies (Ossuary)
  4 hobgoblin zombies (Ossuary)
  A jackal skeleton (D:5)
  4 jackal zombies (Ossuary)
  A kobold zombie (Ossuary)
  An orc zombie (Ossuary)
  5 quokka zombies
  10 rats
  5 rat zombies (Ossuary)
213 creatures vanquished.

Notes
Turn   | Place    | Note
-------+----------+-------------------------------------------
     0 | D:1      | Hugehornet the Troll Fighter began the quest for the Orb.
     0 | D:1      | Reached XP level 1. HP: 22/22 MP: 0/0
    11 | D:1      | Reached skill level 2 in Maces & Flails
    75 | D:1      | Reached XP level 2. HP: 28/29 MP: 1/1
   552 | D:1      | Reached skill level 3 in Maces & Flails
   696 | D:2      | Found a bloodstained altar of Trog.
   790 | D:2      | Reached XP level 3. HP: 36/36 MP: 2/2
  1146 | D:2      | Noticed Sigmund
  1175 | D:2      | Killed Sigmund
  1175 | D:2      | Reached skill level 5 in Maces & Flails
  1175 | D:2      | Reached XP level 4. HP: 26/44 MP: 3/3
  1175 | D:2      | Reached XP level 5. HP: 29/50 MP: 4/4
  1492 | D:3      | Reached XP level 6. HP: 51/59 MP: 5/5
  1499 | D:3      | Reached skill level 6 in Maces & Flails
  1542 | D:3      | Found a stormy altar of Qazlal.
  1558 | D:3      | Noticed Grinder
  1574 | D:3      | Killed Grinder
  1574 | D:3      | Reached skill level 7 in Maces & Flails
  1574 | D:3      | Reached XP level 7. HP: 45/66 MP: 6/6
  1698 | D:3      | Found a burning altar of Makhleb.
  2175 | D:4      | Found an ancient bone altar of Kikubaaqudgha.
  2282 | D:4      | Noticed a troll
  2283 | D:4      | Found a runed translucent gate.
  2283 | D:4      | Found a runed translucent gate.
  2292 | D:4      | Noticed nightchill's ghost (amateur HaHu)
  2300 | D:4      | Found a runed translucent gate.
  2314 | D:4      | Found a glowing golden altar of the Shining One.
  2523 | D:4      | Reached skill level 8 in Maces & Flails
  3201 | D:4      | Killed nightchill's ghost
  3201 | D:4      | Reached skill level 9 in Maces & Flails
  3201 | D:4      | Reached XP level 8. HP: 74/74 MP: 7/7
  3209 | D:4      | Killed a troll
  3293 | D:5      | Entered Level 5 of the Dungeon
  3324 | D:5      | Found an ancient bone altar of Kikubaaqudgha.
  3412 | D:5      | Reached skill level 10 in Maces & Flails
  3640 | D:5      | Found a runed translucent door.
  3648 | D:5      | Noticed lepoulpe303's ghost (amateur DEFE)
  3717 | D:5      | Killed lepoulpe303's ghost
  4034 | D:6      | Found Ferphifo's Weapon Shoppe.
  4034 | D:6      | Noticed Edmund
  4046 | D:6      | Killed Edmund
  4046 | D:6      | Reached XP level 9. HP: 70/80 MP: 8/8
  4085 | D:6      | Reached skill level 11 in Maces & Flails
  4297 | D:6      | Found a runed translucent gate.
  4298 | D:6      | Found a runed translucent gate.
  4298 | D:6      | Found a runed translucent gate.
  4308 | D:6      | Found an opulent altar of Gozag.
  4309 | D:6      | Noticed MajorAdolf's ghost (novice NaWn)
  4499 | D:6      | Found a staircase to the Ecumenical Temple.
  4509 | Temple   | Entered the Ecumenical Temple
  4578 | Temple   | Became a worshipper of Warmaster Okawaru
  4716 | D:6      | Found a basalt altar of Yredelemnul.
  4723 | D:6      | Found a sacrificial altar of Ru.
  4728 | D:6      | Found a blossoming altar of Fedhas.
  4735 | D:6      | Found a hazy altar of Hepliaklqana.
  4740 | D:6      | Found a white marble altar of Elyvilon.
  4751 | D:6      | Found a shattered altar of Ashenzari.
  4762 | D:6      | Found a shadowy altar of Dithmenos.
  4869 | D:6      | Killed MajorAdolf's ghost
  4869 | D:6      | Reached skill level 12 in Maces & Flails
  4982 | D:7      | Found a sand-covered staircase.
  4987 | Ossuary  | Entered an ossuary
  5015 | Ossuary  | Reached * piety under Okawaru
  5422 | D:7      | Reached XP level 10. HP: 80/88 MP: 5/9
  5431 | D:7      | Reached skill level 13 in Maces & Flails
  5457 | D:7      | Reached ** piety under Okawaru
  5501 | D:7      | Reached *** piety under Okawaru
  5516 | D:7      | HP: 1/88 [wyvern zombie (7)]
  5519 | D:7      | Slain by a wyvern zombie

Levels and vault maps discovered:
D:1:      dpeg_arrival_long_road, layout_rooms, minivault_5
D:2:      layout_loops_ring, lemuel_coloured_pillars_altar, uniq_sigmund
D:3:      layout_rooms, lemuel_crystal_altar, lemuel_round_altar, uniq_grinder
D:4:      layout_loops_corners, tso_altar, lemuel_doored_altar, first_ration,
          gammafunk_ghost_split
D:5:      layout_cave_pools, ebering_ghost_sewer_d, basic_altar
D:6:      layout_loops_ring, grunt_temple_overflow_octagram, temple_fountains,
          serial_shops, shop, ebering_ghost_gozag, kennysheep_generic_room_4,
          uniq_edmund
D:7:      cheibrodos_grave_circle, layout_basic,
          nemelex_xobeh_ov_fountains_minmay, nicolae_ossuary_entry_plus,
          the_bakery, chequers_garden
Temple:   nicolae_temple_figure_zero

Skill      XL: |  1  2  3  4  5  6  7  8  9 10 |
---------------+-------------------------------+-----
Maces & Flails | 2 3 5 7 9 10 12 13 | 13.9
Fighting       | |  2.4
Dodging        | |  2.4
Shields        | |  2.4

Action                   |  1- 3 |  4- 6 |  7- 9 | 10-12 || total
-------------------------+-------+-------+-------+-------++-------
Melee: Flail             |   135 |    71 |       |       ||   206
       Dire flail        |       |    16 |   535 |    67 ||   618
  Use: Scroll            |       |       |     7 |       ||     7
       Potion            |       |       |     5 |     4 ||     9
 Stab: Sleeping          |       |       |     2 |       ||     2
  Eat: Chunk             |    13 |     2 |    35 |       ||    50
       Ration            |     1 |       |       |       ||     1
Armor: Robe              |    54 |    32 |   210 |    14 ||   310
Dodge: Dodged            |    38 |    34 |   266 |    38 ||   376
Block: Shield            |    71 |    42 |       |       ||   113
